 Dungeon Crawl Stone Soup version 0.18-a0-1764-gf4ddf0b (webtiles) character file.

347 Ratboiler the Conjurer (level 6, -4/36 HPs)
             Began as an Octopode Wanderer on Apr 13, 2016.
             Was an Initiate of Gozag.
             Killed from afar by Blork the orc (7 damage)
             ... with a puff of frost
             ... on level 4 of the Dungeon.
             The game lasted 00:11:54 (4093 turns).

Ratboiler the Conjurer (Octopode Wanderer)          Turns: 4093, Time: 00:11:54

Health: -4/36      AC:  3    Str: 10    XL:     6   Next: 59%
Magic:  11/11      EV: 11    Int: 20    God:    Gozag
Gold:   159        SH:  0    Dex:  9    Spells: 4 memorised, 5 levels left

rFire  . . .     SeeInvis .     d - +0 club
rCold  . . .     Gourm    .     (no shield)
rNeg   . . .     Faith    .     h - +2 hat
rPois  .         Spirit   .     (no amulet)
rElec  .         Dismiss  .     e - ring of stealth
rCorr  .         Reflect  .     m - ring of stealth
SustAt .         Harm     .     (no ring)
MR     .....                    (no ring)
Stlth  +++++.....               (no ring)
                                (no ring)
                                (no ring)
                                (no ring)

@: not resistant to hostile enchantments, quite stealthy
A: almost no armour, amphibious, 8 rings, constrict 8, camouflage 1, gelatinous
body 1
a: Potion Petition, Call Merchant, Bribe Branch, Renounce Religion


You were on level 4 of the Dungeon.
You worshipped Gozag.
Gozag was noncommittal.
You were not hungry.

You visited 1 branch of the dungeon, and saw 4 of its levels.

You collected 292 gold pieces.
You spent 55 gold pieces at shops.
You paid 78 gold pieces to Gozag.

Inventory:

Hand Weapons
 d - a +0 club (weapon)
Missiles
 g - 31 sling bullets
Armour
 h - a +2 hat (worn)
Jewellery
 e - a ring of stealth (left tentacle)
 m - a ring of stealth (right tentacle)
Wands
 r - a wand of lightning (9/15)
 s - a wand of teleportation (3/9)
Scrolls
 j - 2 scrolls of fear {unknown}
 l - a scroll of immolation {unknown}
 o - 3 scrolls of remove curse
 p - a scroll of random uselessness {unknown}
 t - 2 scrolls of teleportation {unknown}
 u - a scroll of blinking {unknown}
 v - a scroll of identify {unknown}
 x - a scroll of noise {unknown}
Potions
 i - 5 potions of curing {unknown}
 n - 3 potions of heal wounds {unknown}
 q - a potion of berserk rage {unknown}
 w - a potion of cancellation {unknown}
 z - a potion of agility
Books
 a - a Young Poisoner's Handbook

   Spells                             Type                      Level
   a - Sting                          Conjuration/Poison           1
   b - Cure Poison                    Poison                       2
   c - Mephitic Cloud                 Conjuration/Poison/Air       3
   d - Olgreb's Toxic Radiance        Poison                       4
   e - Venom Bolt                     Conjuration/Poison           5
 b - the Handbook of Changing

   Spells                             Type                      Level
   a - Beastly Appendage              Transmutation                1
   b - Spider Form                    Transmutation/Poison         3
 c - the Incunabulum of Damage Dealing

   Spells                             Type                      Level
   a - Magic Dart                     Conjuration                  1
   b - Conjure Flame                  Conjuration/Fire             3
Comestibles
 f - 5 bread rations
 k - 2 meat rations


   Skills:
 - Level 1.3 Stealth
 + Level 3.9 Spellcasting
 * Level 4.7 Conjurations
   Level 3.0 Summonings
 - Level 4.1 Poison Magic
 - Level 1.1 Evocations


You had 5 spell levels left.
You knew the following spells:

 Your Spells              Type           Power        Failure   Level  Hunger
a - Magic Dart            Conj           ###.         1%          1    None
b - Sting                 Conj/Pois      ###.         2%          1    None
c - Cure Poison           Pois           ###.......   3%          2    ##.....
d - Mephitic Cloud        Conj/Pois/Air  ###.....     14%         3    ###....


Dungeon Overview and Level Annotations

Branches:
Dungeon (4/15)
 Temple: D:4-7

Altars:
Fedhas
Gozag
Trog
The Shining One

Shops:
D:4 *!

Annotations:
D:4 Blork the orc


Innate Abilities, Weirdness & Mutations

You cannot wear most types of armour.
You are amphibious.
You can wear up to eight rings at the same time.
You can use your tentacles to constrict eight enemies at once.
Your skin changes colour to match your surroundings (Stealth).
Your rubbery body absorbs attacks (AC +1).


Message History

Aim: a worm (resting)
The magic dart hits the worm.
The worm is moderately wounded.
Blork the orc casts a spell at you. The puff of frost hits you!
* * * LOW HITPOINT WARNING * * *
Blork the orc is nearby!
Blork the orc screams, "I'll cut your head off!"
Blork the orc mumbles some strange words.
Blork the orc seems to speed up.
Blork the orc casts a spell at you. The magic dart hits you!
* * * LOW HITPOINT WARNING * * *
Blork the orc gestures at you while chanting.
The magic dart hits you!
* * * LOW HITPOINT WARNING * * *
Blork the orc gestures at you while chanting.
The puff of frost hits you!
You die...
Your body crumbles into a pile of gold.

...........##...##....##.........
##.............####....#.........
##..........### #........<.....
##.#.....### #.##...).......
#..##.....#######.###..........
##.####...≈≈≈≈≈≈≈....#.###......
##..# ##...≈.....≈≈≈≈.#.+_'......
#...###..##≈.⌠.⌠....≈.#####......
........###≈..∩.@._....##.....###
....#..## #≈.⌠.⌠....≈........## #
..####..###≈.....≈≈≈≈...####.#
..# ##.##.[≈≈≈≈≈≈......# #.# .##
#..#..............# #.## .##
#.................## #..### ..##
##...#####.o........###.....
#..###....# #..##..............
#...#.....# #..####...........#


You could see Blork the orc.

Vanquished Creatures
  An ogre (D:4)
  A scorpion (D:4)
  A crimson imp (D:4)
  An iguana (D:4)
  An orc wizard (D:4)
  4 adders
  3 oozes
  An adder skeleton (D:4)
  2 worms (D:3)
  3 dart slugs
  3 giant geckos
  4 orcs
  A giant cockroach (D:4)
  2 goblins
  5 hobgoblins (D:1)
  7 jackals
  2 quokkas (D:4)
  6 bats
  A giant gecko skeleton (D:4)
  A giant newt (D:2)
  10 kobolds
  4 rats
64 creatures vanquished.

Notes
Turn   | Place    | Note
--------------------------------------------------------------
     0 | D:1      | Ratboiler the Octopode Wanderer began the quest for the Orb.
     0 | D:1      | Ratboiler set off with: a Young Poisoner's Handbook, the Handbook of Changing, the Incunabulum of Damage Dealing, a +0 club, a bread ration
     0 | D:1      | Reached XP level 1. HP: 11/11 MP: 4/4
     0 | D:1      | Identified the Handbook of Changing
     0 | D:1      | Identified the Incunabulum of Damage Dealing
     2 | D:1      | Learned a level 1 spell: Magic Dart
   233 | D:1      | Reached XP level 2. HP: 17/17 MP: 0/6
   293 | D:1      | Learned a level 1 spell: Sting
   296 | D:1      | Learned a level 2 spell: Cure Poison
   788 | D:1      | Reached XP level 3. HP: 14/21 MP: 2/7
  1051 | D:1      | Learned a level 3 spell: Mephitic Cloud
  2202 | D:3      | Found a glowing golden altar of the Shining One.
  2229 | D:3      | Reached XP level 4. HP: 15/27 MP: 0/8
  2682 | D:3      | Found a bloodstained altar of Trog.
  2712 | D:4      | Found a blossoming altar of Fedhas.
  2856 | D:4      | Found an opulent altar of Gozag.
  2856 | D:4      | Found Gozag's Platinum Reserve.
  2964 | D:4      | Noticed an ogre
  3083 | D:4      | Reached XP level 5. HP: 28/31 MP: 4/9
  3174 | D:4      | Killed an ogre
  3307 | D:4      | Reached XP level 6. HP: 36/36 MP: 6/11
  3400 | D:4      | Became a worshipper of Gozag Ym Sagoz the Greedy
  3469 | D:4      | Found Rucoch's Distillery.
  3569 | D:4      | Bought a potion of agility for 44 gold pieces
  3569 | D:4      | Bought a potion of degeneration for 11 gold pieces
  4046 | D:4      | Noticed Blork the orc
  4093 | D:4      | Killed from afar by Blork the orc

Vault maps used:
D:1:      minmay_arrival_widening_spiral_wide, serial_bayou_lagoon_a
D:2:      first_bread, minmay_liquid_box
D:3:      lemuel_doored_altar, lemuel_crystal_altar, marbit_many_paths,
          gammafunk_pakellas_statue_experiment
D:4:      kennysheep_mini, nicolae_overflow_hidden_temple, serial_shops, shop,
          nicolae_gozag_zags_fifth_avenue, uniq_blork_the_orc

Skill      XL: |  1  2  3  4  5 |
---------------+----------------+-----
Conjurations   | 2 3 4 |  4.7
Poison Magic   | 2 4 |  4.1
Stealth        | |  1.3
Spellcasting   | |  3.9
Summonings     | |  3.0
Evocations     | |  1.1

Action                   |  1- 3 |  4- 6 || total
-------------------------+-------+-------++-------
Melee: Club              |    14 |    65 ||    79
       Constrict         |     4 |    13 ||    17
       Tentacles         |     1 |    11 ||    12
 Cast: Magic Dart        |    59 |    51 ||   110
       Sting             |     9 |    14 ||    23
       Mephitic Cloud    |     2 |     5 ||     7
  Use: Scroll            |       |     1 ||     1
 Stab: Sleeping          |     1 |     3 ||     4
  Eat: Beef jerky        |     2 |       ||     2
       Chunk             |     1 |     1 ||     2
       Fruit             |     1 |       ||     1
       Royal jelly       |       |     1 ||     1
       Meat ration       |       |     1 ||     1
Armor: Skin              |     1 |    19 ||    20
Dodge: Dodged            |    15 |    45 ||    60
